[Event "Tata Steel Chess, Group A"]
[Site "Wijk aan Zee, The Netherlands"]
[Date "2011.01.22"]
[Round "7"]
[White "Nepomniachtchi, Ian"]
[Black "Ponomariov, Ruslan"]
[Result "1/2-1/2"]
[ECO "C11"]
[WhiteElo "2733"]
[BlackElo "2744"]
[PlyCount "44"]
[EventDate "2011.01.14"]
[EventType "tourn"]
[EventRounds "13"]
[EventCountry "NED"]
[EventCategory "20"]
[Source "Wijk aan Zee"]
[SourceDate "2011.01.30"]
[WhiteTeam "Russia"]
[BlackTeam "Ukraine"]
[WhiteTeamCountry "RUS"]
[BlackTeamCountry "UKR"]
[TimeControl "40/6000+30:20/3000+30:900+30"]

1. e4 e6 2. d4 d5 3. Nc3 Nf6 4. e5 Nfd7 5. Nce2 c5 6. c3 Nc6 7. Nf3 Qa5 8. a3
cxd4 9. b4 Qc7 10. cxd4 b5 11. Nf4 Qb6 12. Rb1 h6 13. Be3 a5 14. Nd3 axb4 15.
axb4 Ra4 16. Qd2 Qa7 17. Qc3 Bb7 18. Be2 Ra3 19. Qc1 Ra2 20. Bd1 Qa3 21. Qxa3
Rxa3 22. Nc5 Bxc5 1/2-1/2

[Event "Tata Steel Chess, Group A"]
[Site "Wijk aan Zee, The Netherlands"]
[Date "2011.01.22"]
[Round "7"]
[White "Vachier Lagrave, Maxime"]
[Black "L'Ami, Erwin"]
[Result "1/2-1/2"]
[ECO "A19"]
[WhiteElo "2715"]
[BlackElo "2628"]
[PlyCount "47"]
[EventDate "2011.01.14"]
[EventType "tourn"]
[EventRounds "13"]
[EventCountry "NED"]
[EventCategory "20"]
[Source "Wijk aan Zee"]
[SourceDate "2011.01.30"]
[WhiteTeam "France"]
[BlackTeam "Netherlands"]
[WhiteTeamCountry "FRA"]
[BlackTeamCountry "NED"]
[TimeControl "40/6000+30:20/3000+30:900+30"]

1. c4 Nf6 2. Nc3 e6 3. e4 c5 4. e5 Ng8 5. Nf3 Nc6 6. d4 cxd4 7. Nxd4 Nxe5 8.
Ndb5 f6 9. Be3 a6 10. Nd6+ Bxd6 11. Qxd6 Ne7 12. Bb6 Nf5 13. Qb4 Nc6 14. Qc5 d6
15. Bxd8 dxc5 16. Bb6 Bd7 17. O-O-O Ne5 18. Be2 Bc6 19. Bxc5 Bxg2 20. Rhe1 Nf3
21. Bxf3 Bxf3 22. Rd3 Bc6 23. Rxe6+ Kf7 24. Re2 1/2-1/2

[Event "Tata Steel Chess, Group A"]
[Site "Wijk aan Zee, The Netherlands"]
[Date "2011.01.22"]
[Round "7"]
[White "Wang Hao"]
[Black "Shirov, Alexei"]
[Result "1/2-1/2"]
[ECO "D30"]
[WhiteElo "2731"]
[BlackElo "2722"]
[PlyCount "124"]
[EventDate "2011.01.14"]
[EventType "tourn"]
[EventRounds "13"]
[EventCountry "NED"]
[EventCategory "20"]
[Source "Wijk aan Zee"]
[SourceDate "2011.01.30"]
[WhiteTeam "China"]
[BlackTeam "Spain"]
[WhiteTeamCountry "CHN"]
[BlackTeamCountry "ESP"]
[TimeControl "40/6000+30:20/3000+30:900+30"]

1. d4 d5 2. c4 c6 3. Nf3 Nf6 4. e3 e6 5. b3 Nbd7 6. Bd3 Ne4 7. O-O f5 8. Ba3
Bxa3 9. Nxa3 O-O 10. b4 a5 11. Nc2 axb4 12. Nxb4 g5 13. Nd2 Qe7 14. a3 Ndf6 15.
f3 c5 16. dxc5 Qxc5 17. fxe4 dxe4 18. Be2 Qxe3+ 19. Kh1 Rd8 20. Ra2 Rxa3 21.
Rxa3 Qxa3 22. Qb3 Qxb3 23. Nxb3 e3 24. Nc2 Ne4 25. Nxe3 Nc3 26. Re1 Nxe2 27.
Rxe2 Rd3 28. Nc5 Ra3 29. Kg1 Kf7 30. Kf2 b6 31. Nc2 Rc3 32. Na4 Rxc4 33. Nxb6
Rf4+ 34. Kg1 Ba6 35. Re1 Bd3 36. Rc1 Ke7 37. Ne3 Rd4 38. Rc7+ Kd6 39. Rd7+ Kc5
40. Na4+ Rxa4 41. Rxd3 Ra1+ 42. Kf2 Ra2+ 43. Kf3 h5 44. h3 g4+ 45. Kf4 Ra4+ 46.
Kg5 f4 47. Nd1 e5 48. Rd2 f3 49. gxf3 gxh3 50. Nb2 Ra3 51. Nd3+ Kd4 52. Ne1+
Ke3 53. Rh2 Rc3 54. Nc2+ Kd3 55. Ne1+ Ke3 56. f4 exf4 57. Rxh3+ Kd4 58. Nf3+
Ke4 59. Nd2+ Kd4 60. Rh4 Ke3 61. Nf1+ Ke2 62. Rxf4 Rf3 1/2-1/2

[Event "Tata Steel Chess, Group A"]
[Site "Wijk aan Zee, The Netherlands"]
[Date "2011.01.23"]
[Round "8"]
[White "Anand, Viswanathan"]
[Black "Aronian, Levon"]
[Result "1/2-1/2"]
[ECO "C89"]
[WhiteElo "2810"]
[BlackElo "2805"]
[PlyCount "67"]
[EventDate "2011.01.14"]
[EventType "tourn"]
[EventRounds "13"]
[EventCountry "NED"]
[EventCategory "20"]
[Source "Wijk aan Zee"]
[SourceDate "2011.01.30"]
[WhiteTeam "India"]
[BlackTeam "Armenia"]
[WhiteTeamCountry "IND"]
[BlackTeamCountry "ARM"]
[TimeControl "40/6000+30:20/3000+30:900+30"]

1. e4 e5 2. Nf3 Nc6 3. Bb5 a6 4. Ba4 Nf6 5. O-O Be7 6. Re1 b5 7. Bb3 O-O 8. c3
d5 9. exd5 Nxd5 10. Nxe5 Nxe5 11. Rxe5 c6 12. d4 Bd6 13. Re1 Qh4 14. g3 Qh3 15.
Be3 Bg4 16. Qd3 Rae8 17. Nd2 Qh5 18. Qf1 Re7 19. a4 Rfe8 20. axb5 axb5 21. Bxd5
Qxd5 22. Qg2 Qxg2+ 23. Kxg2 h5 24. Rec1 f6 25. b3 g5 26. c4 bxc4 27. Nxc4 Bc7
28. Na5 Bxa5 29. Rxa5 Bd7 30. b4 Rb8 31. Rc4 Kf7 32. Kf1 Kg6 33. Ke2 Bg4+ 34.
Kd2 1/2-1/2

[Event "Tata Steel Chess, Group A"]
[Site "Wijk aan Zee, The Netherlands"]
[Date "2011.01.23"]
[Round "8"]
[White "Giri, Anish"]
[Black "Wang Hao"]
[Result "1-0"]
[ECO "D45"]
[WhiteElo "2686"]
[BlackElo "2731"]
[PlyCount "83"]
[EventDate "2011.01.14"]
[EventType "tourn"]
[EventRounds "13"]
[EventCountry "NED"]
[EventCategory "20"]
[Source "Wijk aan Zee"]
[SourceDate "2011.01.30"]
[WhiteTeam "Netherlands"]
[BlackTeam "China"]
[WhiteTeamCountry "NED"]
[BlackTeamCountry "CHN"]
[TimeControl "40/6000+30:20/3000+30:900+30"]

1. d4 d5 2. c4 c6 3. Nc3 Nf6 4. e3 a6 5. Nf3 e6 6. b3 Bb4 7. Bd2 Nbd7 8. Bd3
O-O 9. O-O Bd6 10. Re1 dxc4 11. bxc4 b6 12. Rb1 Qc7 13. a4 a5 14. Ne4 Nxe4 15.
Bxe4 Bb7 16. Qc2 h6 17. Bc3 Rab8 18. Red1 Ba6 19. Bh7+ Kh8 20. Bd3 f5 21. g3
Bb4 22. Bxb4 axb4 23. Rxb4 c5 24. Rbb1 cxd4 25. exd4 Bb7 26. d5 Nc5 27. Bf1
Rbd8 28. Bg2 Rf6 29. Nd4 exd5 30. Nb5 Qf7 31. cxd5 f4 32. a5 Rc8 33. Na7 Rf8
34. Rxb6 fxg3 35. Rxf6 Qxf6 36. hxg3 Nd7 37. Nc6 Qd6 38. Re1 Ba6 39. Qc3 Nc5
40. Ne5 Kg8 41. Ng6 Rf6 42. Nf4 1-0

[Event "Tata Steel Chess, Group A"]
[Site "Wijk aan Zee, The Netherlands"]
[Date "2011.01.23"]
[Round "8"]
[White "L'Ami, Erwin"]
[Black "Nepomniachtchi, Ian"]
[Result "1/2-1/2"]
[ECO "D76"]
[WhiteElo "2628"]
[BlackElo "2733"]
[PlyCount "121"]
[EventDate "2011.01.14"]
[EventType "tourn"]
[EventRounds "13"]
[EventCountry "NED"]
[EventCategory "20"]
[Source "Wijk aan Zee"]
[SourceDate "2011.01.30"]
[WhiteTeam "Netherlands"]
[BlackTeam "Russia"]
[WhiteTeamCountry "NED"]
[BlackTeamCountry "RUS"]
[TimeControl "40/6000+30:20/3000+30:900+30"]

1. d4 Nf6 2. c4 g6 3. Nf3 Bg7 4. g3 O-O 5. Bg2 d5 6. cxd5 Nxd5 7. O-O Nb6 8.
Nc3 Nc6 9. e3 Re8 10. Re1 a5 11. Qe2 e5 12. dxe5 Nxe5 13. Nxe5 Bxe5 14. e4 Be6
15. f4 Bxc3 16. bxc3 Bd5 17. Qf2 Bc6 18. Ba3 Na4 19. Rad1 Qf6 20. Rd4 Rad8 21.
e5 Qe6 22. f5 gxf5 23. Bxc6 Qxc6 24. Qxf5 Rxd4 25. cxd4 Qe6 26. Qg5+ Qg6 27.
Qd2 Nb6 28. Qxa5 Qd3 29. Qc5 Na4 30. Qc1 Qxd4+ 31. Qe3 Qxe3+ 32. Rxe3 Nb6 33.
Rc3 Nd5 34. Rb3 b6 35. Bb2 Kf8 36. Kf2 Ke7 37. a3 Ke6 38. g4 Rg8 39. Rg3 c5 40.
Kf3 c4 41. Ke4 Rg5 42. a4 h5 43. h3 hxg4 44. hxg4 Rg8 45. Kd4 Ra8 46. Kxc4
Rxa4+ 47. Kb3 Rb4+ 48. Ka3 Re4 49. g5 Kf5 50. Rd3 Ne3 51. Kb3 b5 52. Rd7 Kg6
53. Rb7 Nc4 54. Rxb5 Nxb2 55. Kxb2 Kxg5 56. Rb7 Kg6 57. Rb6+ Kg7 58. Rb5 Kg6
59. Rb6+ Kf5 60. Rf6+ Kxe5 61. Rxf7 1/2-1/2

[Event "Tata Steel Chess, Group A"]
[Site "Wijk aan Zee, The Netherlands"]
[Date "2011.01.23"]
[Round "8"]
[White "Ponomariov, Ruslan"]
[Black "Kramnik, Vladimir"]
[Result "1/2-1/2"]
[ECO "D38"]
[WhiteElo "2744"]
[BlackElo "2784"]
[PlyCount "38"]
[EventDate "2011.01.14"]
[EventType "tourn"]
[EventRounds "13"]
[EventCountry "NED"]
[EventCategory "20"]
[Source "Wijk aan Zee"]
[SourceDate "2011.01.30"]
[WhiteTeam "Ukraine"]
[BlackTeam "Russia"]
[WhiteTeamCountry "UKR"]
[BlackTeamCountry "RUS"]
[TimeControl "40/6000+30:20/3000+30:900+30"]

1. d4 Nf6 2. c4 e6 3. Nf3 d5 4. Nc3 Bb4 5. Qa4+ Nc6 6. e3 O-O 7. Bd2 dxc4 8.
Bxc4 Bd6 9. Nb5 Bd7 10. Qb3 Ne4 11. Nxd6 cxd6 12. Bd3 Nxd2 13. Nxd2 Qa5 14. a3
Rab8 15. Qb5 Qxb5 16. Bxb5 Rfc8 17. Ne4 d5 18. Nc5 Be8 19. Bxc6 Rxc6 1/2-1/2

[Event "Tata Steel Chess, Group A"]
[Site "Wijk aan Zee, The Netherlands"]
[Date "2011.01.23"]
[Round "8"]
[White "Shirov, Alexei"]
[Black "Grischuk, Alexander"]
[Result "1-0"]
[ECO "B90"]
[WhiteElo "2722"]
[BlackElo "2773"]
[PlyCount "147"]
[EventDate "2011.01.14"]
[EventType "tourn"]
[EventRounds "13"]
[EventCountry "NED"]
[EventCategory "20"]
[Source "Wijk aan Zee"]
[SourceDate "2011.01.30"]
[WhiteTeam "Spain"]
[BlackTeam "Russia"]
[WhiteTeamCountry "ESP"]
[BlackTeamCountry "RUS"]
[TimeControl "40/6000+30:20/3000+30:900+30"]

1. e4 c5 2. Nf3 d6 3. d4 cxd4 4. Nxd4 Nf6 5. Nc3 a6 6. Be3 Ng4 7. Bg5 h6 8. Bh4
g5 9. Bg3 Bg7 10. Be2 h5 11. Bxg4 hxg4 12. Nd5 Nc6 13. Nf5 Bxf5 14. exf5 Bxb2
15. Rb1 Qa5+ 16. Qd2 Bd4 17. Qxa5 Nxa5 18. c3 Bc5 19. Nc7+ Kd7 20. Nxa8 Rxa8
21. h4 gxh3 22. Rxh3 b5 23. Ke2 f6 24. Rbh1 Nc6 25. Rh8 Ra7 26. f4 gxf4 27.
Bxf4 a5 28. g4 b4 29. Bd2 bxc3 30. Bxc3 d5 31. g5 fxg5 32. f6 exf6 33. Bxf6
Nd4+ 34. Kd3 Ne6 35. R1h6 Ra6 36. Bxg5 Bb4 37. R8h7+ Kc8 38. Be3 Rd6 39. Ra7
Nc5+ 40. Kd4 Ne6+ 41. Ke5 d4 42. Bxd4 Nxd4 43. Rh8+ Rd8 44. Rxd8+ Kxd8 45. Kxd4
Kc8 46. Kd5 Kb8 47. Rh7 Bd2 48. Kc6 Bb4 49. Rd7 Kc8 50. Rd3 Kb8 51. Kb6 Kc8 52.
Rd1 Be7 53. Kxa5 Bh4 54. Rf1 Bg5 55. Rf3 Kb7 56. Kb5 Bd8 57. Rf7+ Bc7 58. Rd7
Kb8 59. Ka6 Bh2 60. Rb7+ Ka8 61. a4 Bg3 62. a5 Bf2 63. Rf7 Bc5 64. Rf5 Bd6 65.
Kb6 Bb8 66. Rf7 Bh2 67. Ra7+ Kb8 68. Rg7 Ka8 69. a6 Be5 70. Ra7+ Kb8 71. Rd7
Ka8 72. a7 Bd4+ 73. Ka6 Bb6 74. Re7 1-0

[Event "Tata Steel Chess, Group A"]
[Site "Wijk aan Zee, The Netherlands"]
[Date "2011.01.23"]
[Round "8"]
[White "Smeets, Jan"]
[Black "Vachier Lagrave, Maxime"]
[Result "0-1"]
[ECO "B06"]
[WhiteElo "2662"]
[BlackElo "2715"]
[PlyCount "120"]
[EventDate "2011.01.14"]
[EventType "tourn"]
[EventRounds "13"]
[EventCountry "NED"]
[EventCategory "20"]
[Source "Wijk aan Zee"]
[SourceDate "2011.01.30"]
[WhiteTeam "Netherlands"]
[BlackTeam "France"]
[WhiteTeamCountry "NED"]
[BlackTeamCountry "FRA"]
[TimeControl "40/6000+30:20/3000+30:900+30"]

1. d4 d6 2. e4 g6 3. Nc3 Bg7 4. f4 a6 5. Nf3 b5 6. Bd3 Bb7 7. e5 Nd7 8. Be3 c5
9. Be4 Bxe4 10. Nxe4 Nh6 11. dxc5 Ng4 12. Bg1 dxe5 13. h3 Nh6 14. c6 Nf6 15.
Qxd8+ Rxd8 16. c7 Rc8 17. Nxf6+ exf6 18. Bb6 Kd7 19. O-O-O+ Kc6 20. Ba5 Nf5 21.
Rd8 Bh6 22. Rhd1 Bxf4+ 23. Kb1 e4 24. Nd4+ Nxd4 25. R1xd4 Bxc7 26. Bxc7 Kxc7
27. R8d7+ Kb6 28. Rxe4 f5 29. Red4 Rhe8 30. b4 Re1+ 31. Kb2 Re2 32. R4d6+ Rc6
33. Rxc6+ Kxc6 34. Rxf7 Rxg2 35. Rxh7 Re2 36. Ra7 Kb6 37. Rf7 Re6 38. Kb3 Kc6
39. h4 Kd5 40. h5 Ke4 41. hxg6 Rxg6 42. a4 f4 43. axb5 axb5 44. Re7+ Kf5 45.
Kc3 Rd6 46. Rb7 Rd5 47. Kb2 f3 48. c4 bxc4 49. Kc3 Ke4 50. Rh7 Rf5 51. Rh1 f2
52. Rf1 Kd5 53. b5 Kc5 54. b6 Rf3+ 55. Kd2 Kxb6 56. Ke2 Rf5 57. Rxf2 Rxf2+ 58.
Kxf2 Kc5 59. Ke3 Kb4 60. Kd2 Kb3 0-1

[Event "Tata Steel Chess, Group A"]
[Site "Wijk aan Zee, The Netherlands"]
[Date "2011.01.25"]
[Round "9"]
[White "Aronian, Levon"]
[Black "Shirov, Alexei"]
[Result "1-0"]
[ECO "D52"]
[WhiteElo "2805"]
[BlackElo "2722"]
[PlyCount "105"]
[EventDate "2011.01.14"]
[EventType "tourn"]
[EventRounds "13"]
[EventCountry "NED"]
[EventCategory "20"]
[Source "Wijk aan Zee"]
[SourceDate "2011.01.30"]
[WhiteTeam "Armenia"]
[BlackTeam "Spain"]
[WhiteTeamCountry "ARM"]
[BlackTeamCountry "ESP"]
[TimeControl "40/6000+30:20/3000+30:900+30"]

1. d4 d5 2. c4 c6 3. Nf3 Nf6 4. Nc3 e6 5. Bg5 Nbd7 6. e3 Qa5 7. cxd5 Nxd5 8.
Qd2 Bb4 9. Rc1 h6 10. Bh4 c5 11. Bc4 cxd4 12. Qxd4 Bxc3+ 13. bxc3 O-O 14. O-O
N5b6 15. Bb3 Re8 16. Rfd1 Qh5 17. Bg3 e5 18. Qb4 e4 19. Ne1 a5 20. Qd4 Nc5 21.
Rb1 Nxb3 22. Qxb6 Nc5 23. c4 Be6 24. Rd5 Bxd5 25. Qxc5 Red8 26. cxd5 Qxd5 27.
Qc2 b5 28. Qb2 b4 29. Be5 Qd2 30. Qa1 Qe2 31. Bd4 Rab8 32. h3 f6 33. Rb2 Qb5
34. Qb1 Qd5 35. Qd1 Rbc8 36. Rd2 Qe6 37. Kh2 Rd7 38. g3 Rdc7 39. Bb2 Qxa2 40.
Be5 Qxd2 41. Qxd2 fxe5 42. Qd5+ Rf7 43. Kg2 Rcf8 44. h4 Kh8 45. Qxe4 Rxf2+ 46.
Kh3 b3 47. Nd3 b2 48. Qb7 R8f7 49. Qb5 a4 50. Nxb2 a3 51. Nd3 Rf1 52. Qa4 Rh1+
53. Kg4 1-0

[Event "Tata Steel Chess, Group A"]
[Site "Wijk aan Zee, The Netherlands"]
[Date "2011.01.25"]
[Round "9"]
[White "Nakamura, Hikaru"]
[Black "Anand, Viswanathan"]
[Result "1/2-1/2"]
[ECO "E13"]
[WhiteElo "2751"]
[BlackElo "2810"]
[PlyCount "81"]
[EventDate "2011.01.14"]
[EventType "tourn"]
[EventRounds "13"]
[EventCountry "NED"]
[EventCategory "20"]
[Source "Wijk aan Zee"]
[SourceDate "2011.01.30"]
[WhiteTeam "US of America"]
[BlackTeam "India"]
[WhiteTeamCountry "USA"]
[BlackTeamCountry "IND"]
[TimeControl "40/6000+30:20/3000+30:900+30"]

1. d4 Nf6 2. c4 e6 3. Nc3 Bb4 4. Nf3 b6 5. Bg5 h6 6. Bh4 g5 7. Bg3 Ne4 8. Qc2
Bb7 9. e3 d6 10. Bd3 Bxc3+ 11. bxc3 f5 12. d5 Na6 13. h4 Qf6 14. Bxe4 fxe4 15.
Qxe4 Qxc3+ 16. Ke2 Nc5 17. Qg6+ Ke7 18. Rac1 Qf6 19. Qxf6+ Kxf6 20. Rhd1 exd5
21. cxd5 Ba6+ 22. Ke1 Rae8 23. Rc3 Re4 24. Rd4 Rhe8 25. Ra3 Bc8 26. hxg5+ hxg5
27. Rxa7 R8e7 28. Kf1 Bg4 29. Nd2 Rxd4 30. exd4 Nd3 31. f3 Bf5 32. a3 Nf4 33.
Bxf4 gxf4 34. Ne4+ Bxe4 35. fxe4 Rxe4 36. Rxc7 Rxd4 37. Rc6 Ke5 38. Rxb6 Rd1+
39. Ke2 Ra1 40. Rb3 Kxd5 41. g3 1/2-1/2

[Event "Tata Steel Chess, Group A"]
[Site "Wijk aan Zee, The Netherlands"]
[Date "2011.01.25"]
[Round "9"]
[White "Nepomniachtchi, Ian"]
[Black "Smeets, Jan"]
[Result "0-1"]
[ECO "D46"]
[WhiteElo "2733"]
[BlackElo "2662"]
[PlyCount "132"]
[EventDate "2011.01.14"]
[EventType "tourn"]
[EventRounds "13"]
[EventCountry "NED"]
[EventCategory "20"]
[Source "Wijk aan Zee"]
[SourceDate "2011.01.30"]
[WhiteTeam "Russia"]
[BlackTeam "Netherlands"]
[WhiteTeamCountry "RUS"]
[BlackTeamCountry "NED"]
[TimeControl "40/6000+30:20/3000+30:900+30"]

1. d4 d5 2. c4 c6 3. Nc3 Nf6 4. e3 e6 5. Nf3 Nbd7 6. Qc2 Bd6 7. Bd3 O-O 8. O-O
dxc4 9. Bxc4 a6 10. Rd1 b5 11. e4 bxc4 12. e5 Qc7 13. exd6 Qxd6 14. Bg5 a5 15.
Bxf6 Nxf6 16. Na4 Ba6 17. Nc5 Rfb8 18. Rac1 h6 19. a3 Nd7 20. Ne4 Qd5 21. Nc3
Qf5 22. Qe2 Qf4 23. Rc2 Rd8 24. Rcd2 Rab8 25. g3 Qc7 26. Qe3 Bb7 27. Ne5 Nxe5
28. Qxe5 Qxe5 29. dxe5 Rxd2 30. Rxd2 c5 31. f4 g5 32. Kf2 gxf4 33. gxf4 Bc6 34.
Ke3 Kf8 35. Rd6 Be8 36. Rd2 Bc6 37. h4 Ke7 38. Rd6 Bh1 39. Na4 Rb3+ 40. Kd2 Rf3
41. Nxc5 Rxf4 42. Ra6 Rxh4 43. Rxa5 h5 44. Ke3 Rh2 45. Ra7+ Kf8 46. Rc7 Rxb2
47. Nd7+ Kg7 48. Rxc4 Rb3+ 49. Kf2 Rxa3 50. Rh4 Bc6 51. Nf6 Rf3+ 52. Ke2 Rf5
53. Nxh5+ Kg6 54. Ng3 Rxe5+ 55. Kf2 Ra5 56. Rg4+ Kf6 57. Rg8 Ra2+ 58. Ke3 Ke5
59. Rc8 Ra3+ 60. Kf2 Bd5 61. Nf1 Ra2+ 62. Ke3 f5 63. Nd2 f4+ 64. Ke2 Kd4 65.
Rf8 e5 66. Ke1 e4 0-1

[Event "Tata Steel Chess, Group A"]
[Site "Wijk aan Zee, The Netherlands"]
[Date "2011.01.25"]
[Round "9"]
[White "Vachier Lagrave, Maxime"]
[Black "Carlsen, Magnus"]
[Result "1/2-1/2"]
[ECO "C67"]
[WhiteElo "2715"]
[BlackElo "2814"]
[PlyCount "84"]
[EventDate "2011.01.14"]
[EventType "tourn"]
[EventRounds "13"]
[EventCountry "NED"]
[EventCategory "20"]
[Source "Wijk aan Zee"]
[SourceDate "2011.01.30"]
[WhiteTeam "France"]
[BlackTeam "Norway"]
[WhiteTeamCountry "FRA"]
[BlackTeamCountry "NOR"]
[TimeControl "40/6000+30:20/3000+30:900+30"]

1. e4 e5 2. Nf3 Nc6 3. Bb5 Nf6 4. O-O Nxe4 5. d4 Nd6 6. Bxc6 dxc6 7. dxe5 Nf5
8. Qxd8+ Kxd8 9. Nc3 Bd7 10. h3 b6 11. Bf4 Kc8 12. Rad1 h6 13. Bh2 a5 14. g4
Ne7 15. Nd4 h5 16. e6 fxe6 17. Rfe1 hxg4 18. hxg4 Rh6 19. g5 Rh5 20. Nxe6 Bxe6
21. Rxe6 Rxg5+ 22. Kf1 Rf5 23. a4 Rb8 24. Rd3 Rf7 25. Kg2 b5 26. axb5 cxb5 27.
Ra6 b4 28. Nd5 Nxd5 29. Rxd5 b3 30. c3 Ba3 31. Re6 Re7 32. Rxe7 Bxe7 33. Rxa5
Kd7 34. Be5 Bd6 35. Bd4 Bf4 36. Kf3 Bc1 37. c4 g5 38. Ke4 Rf8 39. Rd5+ Kc6 40.
Rc5+ Kd7 41. Rd5+ Kc6 42. Rc5+ Kd7 1/2-1/2

[Event "Tata Steel Chess, Group A"]
[Site "Wijk aan Zee, The Netherlands"]
[Date "2011.01.25"]
[Round "9"]
[White "Wang Hao"]
[Black "Ponomariov, Ruslan"]
[Result "1-0"]
[ECO "B19"]
[WhiteElo "2731"]
[BlackElo "2744"]
[PlyCount "79"]
[EventDate "2011.01.14"]
[EventType "tourn"]
[EventRounds "13"]
[EventCountry "NED"]
[EventCategory "20"]
[Source "Wijk aan Zee"]
[SourceDate "2011.01.30"]
[WhiteTeam "China"]
[BlackTeam "Ukraine"]
[WhiteTeamCountry "CHN"]
[BlackTeamCountry "UKR"]
[TimeControl "40/6000+30:20/3000+30:900+30"]

1. e4 c6 2. d4 d5 3. Nd2 dxe4 4. Nxe4 Bf5 5. Ng3 Bg6 6. h4 h6 7. Nf3 Nd7 8. h5
Bh7 9. Bd3 Bxd3 10. Qxd3 e6 11. Bd2 Ngf6 12. O-O-O Be7 13. Qe2 c5 14. Rhe1 O-O
15. Nf5 cxd4 16. Nxe7+ Qxe7 17. Nxd4 Rfc8 18. g4 Nd5 19. Kb1 N7b6 20. f4 Qc5
21. c3 Nc4 22. Bc1 b5 23. Nxe6 Na3+ 24. Ka1 Nb4 25. bxa3 Qxc3+ 26. Bb2 Nc2+ 27.
Kb1 Nxa3+ 28. Bxa3 Qxa3 29. Nd4 Rc4 30. g5 Qc5 31. Qe5 hxg5 32. fxg5 Rd8 33. g6
Qxe5 34. Rxe5 Rc7 35. Rde1 Kf8 36. Rxb5 a6 37. Rbe5 Rb7+ 38. Ka1 Rb6 39. Rf5
Rd7 40. Ne6+ 1-0

[Event "Tata Steel Chess, Group A"]
[Site "Wijk aan Zee, The Netherlands"]
[Date "2011.01.26"]
[Round "10"]
[White "Anand, Viswanathan"]
[Black "Shirov, Alexei"]
[Result "1-0"]
[ECO "D52"]
[WhiteElo "2810"]
[BlackElo "2722"]
[PlyCount "51"]
[EventDate "2011.01.14"]
[EventType "tourn"]
[EventRounds "13"]
[EventCountry "NED"]
[EventCategory "20"]
[Source "Wijk aan Zee"]
[SourceDate "2011.01.30"]
[WhiteTeam "India"]
[BlackTeam "Spain"]
[WhiteTeamCountry "IND"]
[BlackTeamCountry "ESP"]
[TimeControl "40/6000+30:20/3000+30:900+30"]

1. d4 d5 2. c4 c6 3. Nf3 Nf6 4. Nc3 e6 5. Bg5 Nbd7 6. e3 Qa5 7. cxd5 Nxd5 8.
Qd2 Bb4 9. Rc1 h6 10. Bh4 c5 11. Bc4 Nxc3 12. bxc3 Ba3 13. Rb1 a6 14. Be2 O-O
15. O-O b5 16. c4 Bb4 17. Qc2 Bb7 18. Rfd1 bxc4 19. dxc5 Nxc5 20. Rd4 Rab8 21.
Ne5 Bd5 22. Be7 Rfe8 23. Bd6 Rbd8 24. Bh5 Rxd6 25. Bxf7+ Kf8 26. Bxe8 1-0

[Event "Tata Steel Chess, Group A"]
[Site "Wijk aan Zee, The Netherlands"]
[Date "2011.01.26"]
[Round "10"]
[White "Giri, Anish"]
[Black "Aronian, Levon"]
[Result "1/2-1/2"]
[ECO "D17"]
[WhiteElo "2686"]
[BlackElo "2805"]
[PlyCount "51"]
[EventDate "2011.01.14"]
[EventType "tourn"]
[EventRounds "13"]
[EventCountry "NED"]
[EventCategory "20"]
[Source "Wijk aan Zee"]
[SourceDate "2011.01.30"]
[WhiteTeam "Netherlands"]
[BlackTeam "Armenia"]
[WhiteTeamCountry "NED"]
[BlackTeamCountry "ARM"]
[TimeControl "40/6000+30:20/3000+30:900+30"]

1. d4 d5 2. c4 c6 3. Nf3 Nf6 4. Nc3 dxc4 5. a4 Bf5 6. Ne5 Nbd7 7. Nxc4 Qc7 8.
g3 e5 9. dxe5 Nxe5 10. Bf4 Nfd7 11. Bg2 g5 12. Ne3 gxf4 13. Nxf5 O-O-O 14. Qc2
fxg3 15. hxg3 Kb8 16. O-O-O Bb4 17. Na2 Bc5 18. e3 a5 19. Kb1 Bb6 20. Nc3 Nc5
21. Nd4 h6 22. Rh5 Na6 23. Na2 Nc5 24. Nc3 Na6 25. Na2 Nc5 26. Nc3 1/2-1/2

[Event "Tata Steel Chess, Group A"]
[Site "Wijk aan Zee, The Netherlands"]
[Date "2011.01.26"]
[Round "10"]
[White "L'Ami, Erwin"]
[Black "Wang Hao"]
[Result "0-1"]
[ECO "E15"]
[WhiteElo "2628"]
[BlackElo "2731"]
[PlyCount "106"]
[EventDate "2011.01.14"]
[EventType "tourn"]
[EventRounds "13"]
[EventCountry "NED"]
[EventCategory "20"]
[Source "Wijk aan Zee"]
[SourceDate "2011.01.30"]
[WhiteTeam "Netherlands"]
[BlackTeam "China"]
[WhiteTeamCountry "NED"]
[BlackTeamCountry "CHN"]
[TimeControl "40/6000+30:20/3000+30:900+30"]

1. d4 Nf6 2. c4 e6 3. Nf3 b6 4. g3 Ba6 5. b3 d5 6. Bg2 Bb4+ 7. Bd2 Be7 8. cxd5
exd5 9. O-O O-O 10. Nc3 Re8 11. Re1 Bb7 12. Qc2 Nbd7 13. Bf4 a6 14. Rad1 Bb4
15. Ne5 h6 16. Nd3 Be7 17. Bc1 Ne4 18. Bb2 Ndf6 19. e3 Rc8 20. a4 a5 21. Qc1
Bf8 22. Re2 c5 23. dxc5 bxc5 24. Nxe4 Nxe4 25. Nf4 Qb6 26. Qc2 c4 27. Bd4 Qxb3
28. Qxb3 cxb3 29. Rb2 Bc6 30. Ra1 Rb8 31. Nd3 Rec8 32. Be5 Rb7 33. Bh3 Ra8 34.
Bd4 Rab8 35. Bg4 Nd6 36. Nc5 Rb6 37. Nd7 Bxd7 38. Bxd7 Rb4 39. Bc6 Nc4 40. Rbb1
Nd2 41. Rb2 Nf3+ 42. Kg2 Nxd4 43. exd4 Rxd4 44. Rab1 Rb6 45. Bb5 Rxb5 46. axb5
a4 47. b6 Rb4 48. Ra1 Bd6 49. b7 Kh7 50. f4 Kg6 51. Kf3 Kf6 52. Ke3 Ke6 53. Kd3
Kd7 0-1

[Event "Tata Steel Chess, Group A"]
[Site "Wijk aan Zee, The Netherlands"]
[Date "2011.01.26"]
[Round "10"]
[White "Nakamura, Hikaru"]
[Black "Vachier Lagrave, Maxime"]
[Result "1-0"]
[ECO "D87"]
[WhiteElo "2751"]
[BlackElo "2715"]
[PlyCount "65"]
[EventDate "2011.01.14"]
[EventType "tourn"]
[EventRounds "13"]
[EventCountry "NED"]
[EventCategory "20"]
[Source "Wijk aan Zee"]
[SourceDate "2011.01.30"]
[WhiteTeam "US of America"]
[BlackTeam "France"]
[WhiteTeamCountry "USA"]
[BlackTeamCountry "FRA"]
[TimeControl "40/6000+30:20/3000+30:900+30"]

1. d4 Nf6 2. c4 g6 3. Nc3 d5 4. cxd5 Nxd5 5. e4 Nxc3 6. bxc3 Bg7 7. Bc4 c5 8.
Ne2 Nc6 9. Be3 O-O 10. O-O Na5 11. Bd3 b6 12. Qd2 e5 13. Bg5 Qd7 14. Bh6 Bb7
15. Bxg7 Kxg7 16. d5 f5 17. f3 Rf7 18. exf5 c4 19. Bc2 gxf5 20. Rad1 f4 21. g3
Qd6 22. gxf4 exf4 23. Kh1 Re8 24. Rg1+ Kf8 25. Be4 Bc8 26. Nd4 Qf6 27. Ne6+
Bxe6 28. dxe6 Qxe6 29. Bd5 Qh3 30. Bxf7 Qxf3+ 31. Rg2 Kxf7 32. Qd7+ Kf6 33.
Qg7+ 1-0